 Dungeon Crawl Stone Soup version 0.28.0-47-ge53b351184 (webtiles) character file.

Game seed: 13250834304593852762

123 pkoi the Twirler (level 4, -2/37 HPs)
             Began as a Demigod Gladiator on May 8, 2022.
             Killed by nerve-wracking pain
             ... invoked by an orc priest
              (12 damage)
             ... on level 2 of the Dungeon.
             The game lasted 00:02:47 (3016 turns).

pkoi the Twirler (Demigod Gladiator)                Turns: 3016, Time: 00:02:48

Health: -2/37      AC:  7    Str: 15    XL:     4   Next: 51%
Magic:  6/6        EV: 12    Int: 20    God:
Gold:   64         SH:  0    Dex: 15    Spells: 3/3 levels left

rFire   . . .      SeeInvis .   i - +4 whip (holy)
rCold   . . .      Faith    .   (no shield)
rNeg    . . .      Spirit   .   b - +0 leather armour
rPois   .          Reflect  .   c - +0 helmet
rElec   .          Harm     .   (no cloak)
rCorr   .          Rampage  .   (no gloves)
Will    .....                   g - +2 pair of boots
Stlth   +.........              (no amulet)
HPRegen 0.12/turn               e - +6 ring of intelligence
MPRegen 0.10/turn               (no ring)

@: no status effects
A: high MP 1, forlorn, divine attributes
a: no special abilities


You were on level 2 of the Dungeon.
You visited 1 branch of the dungeon, and saw 2 of its levels.

You collected 64 gold pieces.

Inventory:

Hand Weapons
 a - a +0 quarterstaff
 i - a +4 whip of holy wrath (weapon)
Missiles
 d - 4 throwing nets (quivered)
Armour
 b - a +0 leather armour (worn)
 c - a +0 helmet (worn)
 g - a +2 pair of boots (worn)
Jewellery
 e - a +6 ring of intelligence (left hand)


   Skills:
 + Level 2.6 Fighting
 + Level 3.9 Staves
 - Level 1.7 Throwing
 + Level 1.7 Armour
 - Level 3.0 Dodging


You had 3 spell levels left.
You didn't know any spells.
Your spell library contained the following spells:

 Spells                   Type           Power      Damage    Failure   Level
 Tukima's Dance           Hex            0%         N/A       56%         3
 Passage of Golubria      Tloc           0%         N/A       93%         4
 Yara's Violent Unravell  Hex/Tmut       0%         3d3       100%        5


Dungeon Overview and Level Annotations

Branches:
Dungeon (2/15)

Annotations:
D:2 Robin


Innate Abilities, Weirdness & Mutations

You have an increased reservoir of magic. (+10% MP)
You shall have no god before yourself.
Your divine heritage dramatically boosts your attributes as you level up.


Message History

The hobgoblin no longer looks unusually strong.
Robin roars a battlecry!
The hobgoblin goes into a battle-frenzy!
The goblin hits you but does no damage. The orc priest misses you.
The orc wizard closely misses you. The orc misses you.
You're too confused to move!
The goblin completely misses you. The orc wizard barely misses you.
The orc closely misses you.
Unknown command.
You bump into the rock wall.
The goblin completely misses you.
The orc wizard hits you but does no damage.
The orc hits you but does no damage.
You are poisoned.
You hit the orc.
The orc is severely wounded.
* * * LOW HITPOINT WARNING * * *
You feel sick. The goblin hits you but does no damage.
The orc wizard barely misses you. The orc hits you but does no damage.
You are lethally poisoned!
Unknown command.
You hit the goblin.
You kill the goblin!
You feel less confused.
* * * LOW HITPOINT WARNING * * *
You feel very sick.
Robin points. "Kill!"
The orc wizard closely misses you. The orc barely misses you.
You feel better. The orc priest closely misses you.
The orc wizard hits you but does no damage.
The orc barely misses you.
You hit the orc.
You kill the orc!
The orc priest hits you with a +0 short sword.
* * * LOW HITPOINT WARNING * * *
The orc wizard casts a spell at you. The magic dart hits you!
* * * LOW HITPOINT WARNING * * *
You feel better.
The orc priest invokes the aid of Beogh against you.
Pain shoots through your body!
You die...

*,,,,,,,,,,* ***,#.o..,,#####
*,*o..,.,,...#
****,*...,..###.################
*,,,,*...,>.....................
*,****#.#*......................
*,* #.#*#***#.......#.#.##.###
*,* #)# #.###)#.#####.#.##.# *,*
#.# #.#.o@#...# #...#..###
*,****#.###...#o###.# #...#.....
*,,,,,#.....#.#gg...# #...#.....
#,#####)....#..รท###.#
#......... #.#.........###.###.#
#...#..... #...........#.(.)####
#...##.... ###.........#.......#
#...##.### #.).......#.....###
######.... #.......###.....#
#####


You could see Robin, an orc priest, an orc wizard and a hobgoblin (strong).

Vanquished Creatures
  4 gnolls
  An adder (D:2)
  2 worms (D:2)
  2 dart slugs
  An orc (D:2)
  3 endoplasms
  4 giant cockroaches
  14 goblins
  8 hobgoblins
  4 jackals (D:1)
  3 kobolds
  4 ball pythons
  2 bats (D:2)
  3 frilled lizards
  3 rats
58 creatures vanquished.

Notes
Turn   | Place    | Note
-------+----------+-------------------------------------------
     0 | D:1      | pkoi the Demigod Gladiator began the quest for the Orb.
     0 | D:1      | Reached XP level 1. HP: 17/17 MP: 3/3
   505 | D:1      | Reached XP level 2. HP: 3/24 MP: 4/4
   994 | D:1      | Reached XP level 3. HP: 10/29 MP: 5/5
  1747 | D:2      | Reached skill level 1 in Armour
  2368 | D:1      | Reached XP level 4. HP: 16/37 MP: 6/6
  2975 | D:2      | Noticed Robin
  3016 | D:2      | Killed from afar by an orc priest

Illustrated notes

Levels and vault maps discovered:
D:1:      zelgadis_glass_arrival_small, layout_rooms
D:2:      layout_basic, minmay_cut_off, uniq_robin

Skill      XL: |  1  2  3 |
---------------+----------+-----
Staves         | 3 |  3.9
Fighting       | 2 |  2.6
Dodging        | 3 |  3.0
Armour         | 1 |  1.7
Throwing       | |  1.7

Action                   |  1- 3 |  4- 6 || total
-------------------------+-------+-------++-------
Melee: Quarterstaff      |   134 |     5 ||   139
       Whip              |       |    42 ||    42
       Punch             |       |     2 ||     2
  Use: Scroll            |     3 |     1 ||     4
       Potion            |     2 |     2 ||     4
 Stab: Sleeping          |     1 |       ||     1
Armor: Leather armour    |    40 |    25 ||    65
Dodge: Dodged            |    85 |    39 ||   124
